Map: Ever Dream LE

Players

MaxPax

  • Race: Protoss Protoss
  • League: Grandmaster
  • Spawn Location: 7:00

GOStephano (Stephano) - Winner!

  • Race: Zerg Zerg
  • League: Grandmaster
  • Spawn Location: 1:00

Event: DreamHack SC2 Masters 2020 Fall

VOD

Have the link to the VOD?

Description

Time

  • Played on: Aug. 26, 2020, 1:16 p.m.
  • Length: 19:32

All games in this series

Show
View Real Time Build Order
Export as new Build Order

MaxPax Protoss 

Build Orders: 1 Gate Expand 

Get SALT Encoding   

  12  0:00  Probe  
  13  0:12  Probe  
  14  0:18  Pylon  
  14  0:24  Probe (Chrono Boost)  
  15  0:36  Probe (Chrono Boost)  
  15  0:40  Gateway  
  16  0:45  Probe (Chrono Boost)  
  17  0:50  Assimilator  
  17  0:53  Probe  
  18  1:05  Probe  
  19  1:17  Probe  
  20  1:27  Cybernetics Core  
  20  1:35  Nexus  
  20  1:43  Pylon  
  20  1:44  Probe  
  21  1:50  Assimilator  
  21  1:56  Probe  
  21  2:01  Adept (Chrono Boost)  
  25  2:08  Probe  
  25  2:20  Probe  
  25  2:21  Adept (Chrono Boost)  
  28  2:32  Stargate, Probe  
  29  2:40  Warp Gate  
  29  2:44  Probe  
  29  2:46  Adept  
  29  2:47  Probe  
  33  2:57  Probe  
  34  2:59  Probe  
  35  3:08  Void Ray (Chrono Boost), Gateway  
  35  3:09  Probe  
  35  3:11  Probe  
  41  3:21  Probe  
  41  3:26  Probe  
  41  3:33  Pylon, Probe  
  40  3:37  Twilight Council  
  40  3:38  Probe  
  41  3:45  Probe  
  42  3:49  Assimilator  
  42  3:50  Void Ray (Chrono Boost), Probe  
  43  3:57  Gateway, Probe  
  43  4:02  Probe  
  49  4:08  Gateway  
  49  4:09  Probe  
  50  4:14  Resonating Glaives (Chrono Boost), Probe  
  51  4:21  Probe  
  51  4:23  Pylon  
  52  4:28  Adept  
  54  4:39  Probe  
  54  4:41  Probe  
  55  4:45  Pylon  
  55  4:48  Adept  
  55  4:51  Probe  
  58  4:55  Adept  
  58  4:57  Nexus  
  58  4:58  Pylon  
  58  4:59  Adept  
  58  5:05  Adept  
  60  5:09  Adept  
  62  5:17  Adept  
  62  5:20  Adept  
  64  5:27  Adept  
  64  5:28  Probe x2  
  65  5:31  Robotics Facility  
  65  5:32  Adept  
  65  5:33  Assimilator  
  67  5:38  Adept  
  67  5:39  Adept  
  67  5:40  Probe x2  
  73  5:48  Adept  
  75  5:52  Probe  
  75  5:54  Adept  
  76  6:04  Pylon  
  76  6:08  Adept x3  
  76  6:09  Probe x3  
  83  6:13  Pylon  
  81  6:20  Immortal (Chrono Boost)  
  81  6:21  Probe x3  
  84  6:33  Probe  
  84  6:39  Adept x3  
  85  6:41  Sentry  
  85  6:45  Shield Battery  
  87  6:51  Immortal (Chrono Boost)  
  91  6:55  Shield Battery  
  91  6:56  Shield Battery  
  91  7:03  Sentry x3  
  91  7:04  Probe  
  98  7:14  Adept  
  100  7:17  Shield Battery  
  98  7:23  Pylon  
  98  7:29  Blink  
  98  7:31  Pylon  
  98  7:34  Pylon  
  98  7:37  Pylon  
  98  7:41  Sentry x2, Immortal (Chrono Boost)  
  98  7:42  Sentry  
  108  7:51  Shield Battery x2  
  105  7:53  Adept  
  105  7:58  Shield Battery  
  107  8:05  Stalker x3  
  105  8:07  Probe x3  
  112  8:14  Immortal (Chrono Boost)  
  112  8:19  Probe x2  
  118  8:25  Gateway  
  118  8:28  Adept  
  118  8:29  Adept x3  
  118  8:33  Probe x2  
  126  8:39  Probe  
  114  8:45  Gateway  
  112  8:48  Immortal (Chrono Boost)  
  112  8:49  Stalker x4  
  120  8:56  Gateway  
  120  8:57  Forge  
  120  9:08  Probe  
  121  9:15  Sentry x4  
  129  9:17  Warp Prism (Chrono Boost)  
  129  9:18  Assimilator x2  
  129  9:34  Pylon  
  129  9:35  Gateway  
  129  9:36  Gateway  
  129  9:37  Protoss Ground Weapons Level 1 (Chrono Boost), Adept, Pylon  
  131  9:38  Stalker  
  131  9:39  Pylon  
  131  9:43  Pylon  
  131  9:46  Observer (Chrono Boost)  
  130  10:02  Stalker x3  
  130  10:03  Stalker x2  
  140  10:09  Robotics Bay  
  138  10:31  Adept x4  
  138  10:32  Photon Cannon  
  138  10:33  Stalker x4  
  138  10:34  Stalker  
  156  10:57  Colossus (Chrono Boost)  
  156  11:03  Stalker  
  164  11:06  Pylon  
  164  11:07  Pylon  
  164  11:09  Pylon  
  160  11:18  Stalker x2  
  164  11:28  Photon Cannon  
  164  11:30  Extended Thermal Lance (Chrono Boost)  
  164  11:35  Colossus (Chrono Boost)  
  170  11:40  Sentry x3  
  176  11:50  Adept x6  
  181  12:14  Colossus (Chrono Boost)  
  178  12:21  Stalker x3  
  180  12:28  Nexus  
  180  12:31  Protoss Ground Weapons Level 2  
  180  12:34  Stalker  
  180  12:35  Stalker  
  184  12:39  Pylon  
  184  12:45  Pylon  
  184  13:04  Stalker x3  
  184  13:05  Stalker x4  
  113  13:28  Colossus (Chrono Boost)  
  113  13:33  Stalker  
  113  13:34  Stalker x5  
  121  13:40  Probe  
  121  13:41  Probe  
  121  13:42  Pylon  
  121  13:44  Sentry  
  121  13:45  Sentry x2  
  121  13:47  Probe  
  128  13:51  Unknown  
  128  13:56  Adept  
  128  13:57  Adept x2  
  128  13:58  Adept  
  128  14:00  Probe  
  128  14:01  Probe  
  137  14:11  Colossus (Chrono Boost)  
  143  14:18  Stalker x2  
  142  14:33  Stalker x3  
  144  14:44  Probe x2  
  138  14:51  Stalker x3  
  138  14:52  Stalker x3  
  148  14:58  Adept x2  
  148  14:59  Observer (Chrono Boost)  
  153  15:08  Sentry  
  153  15:09  Protoss Ground Weapons Level 3 (Chrono Boost)  
  155  15:20  Stalker  
  155  15:21  Stalker x3  
  163  15:26  Disruptor (Chrono Boost)  
  162  15:43  Stalker x3  
  162  15:45  Pylon  
  168  15:52  Disruptor (Chrono Boost)  
  168  15:53  Adept x2  
  168  15:54  Adept x3  
  179  16:08  Stalker x4  
  187  16:16  Disruptor (Chrono Boost)  
  187  16:21  Sentry  
  186  16:34  Nexus  
  186  16:35  Pylon  
  186  16:37  Stalker x2  
  190  16:46  Disruptor (Chrono Boost)  
  183  16:56  Nexus  
  183  16:57  Sentry  
  183  17:00  Sentry  
  187  17:06  Sentry x2  
  189  17:18  Stalker  
  189  17:19  Stalker  
  193  17:27  Stalker x3  
  198  17:36  Adept, Stalker x2  
  193  17:48  Adept x2  
  193  17:52  Disruptor (Chrono Boost)  
  194  18:02  Adept  
  188  18:23  Probe x2  
  188  18:24  Disruptor (Chrono Boost), Adept x3  
  187  18:41  Adept  
  187  18:42  Adept x2  
  78  19:08  Stalker  
  78  19:09  Stalker x2  
Show
View Real Time Build Order
Export as new Build Order

GOStephano Zerg - Winner!

Build Orders: Hatch First 

Get SALT Encoding   

  12  0:00  Drone  
  13  0:12  Overlord  
  13  0:16  Drone  
  14  0:30  Drone x2  
  16  0:48  Hatchery  
  15  0:50  Drone  
  15  0:54  Drone  
  17  0:57  Drone  
  18  1:08  Extractor  
  17  1:12  Spawning Pool  
  17  1:16  Drone  
  17  1:18  Drone  
  18  1:27  Drone  
  19  1:38  Drone  
  20  1:49  Drone  
  21  2:00  Queen x2  
  21  2:01  Zergling x4  
  27  2:10  Overlord  
  27  2:11  Drone  
  27  2:13  Metabolic Boost  
  28  2:30  Drone  
  28  2:31  Zergling x2  
  28  2:32  Hatchery  
  28  2:42  Queen  
  30  2:44  Drone  
  30  2:45  Drone  
  32  2:53  Drone  
  32  2:54  Drone x2  
  32  2:58  Overlord  
  35  3:12  Zergling x2  
  36  3:18  Zergling x4  
  36  3:19  Drone x3  
  39  3:31  Drone x2  
  39  3:36  Queen  
  39  3:39  Overlord  
  39  3:40  Drone  
  42  3:43  Drone  
  43  3:48  Drone x3  
  43  3:50  Drone x3  
  49  3:56  Overlord  
  49  4:01  Overlord  
  49  4:14  Queen  
  49  4:15  Drone x6  
  57  4:19  Spore Crawler x2  
  57  4:21  Queen  
  57  4:25  Overlord  
  57  4:33  Zergling x10  
  57  4:35  Drone  
  57  4:36  Drone  
  64  4:43  Drone, Lair  
  62  4:46  Drone  
  62  4:47  Drone  
  64  4:56  Drone x4  
  68  5:02  Extractor  
  68  5:03  Drone x2, Extractor  
  68  5:04  Drone x2, Roach Warren  
  69  5:07  Drone x2  
  69  5:22  Zergling x10  
  73  5:30  Overlord x2  
  73  5:33  Queen, Extractor  
  74  5:45  Nydus Network  
  74  5:48  Queen  
  75  5:52  Roach x6  
  75  5:53  Roach  
  89  6:02  Roach  
  87  6:07  Roach  
  87  6:08  Glial Reconstitution, Overlord  
  88  6:12  Zergling x4  
  88  6:13  Overlord  
  88  6:17  Overlord  
  90  6:21  Overlord  
  90  6:30  Roach x4  
  95  6:34  Nydus Canal  
  95  6:36  Drone  
  95  6:37  Drone x5  
  97  6:48  Nydus Canal  
  97  6:51  Ravager x3  
  97  6:54  Zergling x18  
  104  7:02  Queen x3  
  110  7:10  Nydus Canal  
  110  7:11  Zergling x8  
  113  7:20  Zergling x10  
  118  7:25  Ravager x4  
  118  7:27  Overseer  
  119  7:34  Ravager, Zergling x2  
  119  7:35  Overlord x2, Zergling x4  
  121  7:38  Queen  
  121  7:40  Overlord  
  121  7:42  Queen  
  117  7:54  Zergling x2  
  117  7:55  Zergling x16  
  119  8:02  Pneumatized Carapace  
  115  8:08  Ravager x3  
  115  8:10  Roach x3  
  120  8:17  Zergling x2  
  120  8:18  Zergling x8  
  124  8:23  Ravager  
  122  8:29  Roach x3  
  122  8:30  Roach  
  122  8:32  Evolution Chamber  
  117  8:41  Roach  
  117  8:42  Roach x3  
  117  8:46  Zergling x10, Hatchery  
  129  8:55  Drone x3  
  129  9:09  Zergling x14  
  136  9:14  Zerg Melee Weapons Level 1  
  136  9:15  Baneling Nest  
  134  9:19  Drone x3  
  133  9:33  Spine Crawler  
  133  9:36  Drone x5  
  133  9:37  Overlord x4  
  136  10:02  Centrifical Hooks, Unknown  
  136  10:04  Zergling x30  
  150  10:26  Ravager  
  150  10:27  Ravager, Baneling x5  
  150  10:28  Baneling x21  
  152  10:31  Zergling x2  
  152  10:32  Zergling x18  
  152  10:35  Baneling x6  
  162  10:36  Baneling  
  162  10:40  Overlord x2  
  162  10:43  Baneling x2  
  162  10:52  Zergling x2  
  162  10:53  Zergling x16  
  171  11:04  Zergling x20  
  179  11:16  Zergling x2  
  179  11:17  Zergling x10  
  174  11:21  Ravager x5, Baneling x3  
  174  11:22  Baneling x5  
  174  11:25  Zergling x6  
  180  11:32  Zergling x12  
  188  11:36  Zerg Melee Weapons Level 2  
  188  11:42  Zergling x6  
  187  11:55  Drone x5  
  190  12:08  Hatchery  
  179  12:18  Drone x5  
  179  12:19  Drone, Overlord x2  
  179  12:22  Zergling x2  
  184  12:23  Zergling x14  
  184  12:25  Baneling  
  184  12:26  Baneling x4  
  184  12:29  Overlord  
  191  12:39  Infestation Pit  
  191  12:41  Baneling  
  191  12:42  Baneling x15  
  190  12:53  Zergling x18  
  199  13:06  Zergling x2  
  155  13:21  Zergling x28  
  155  13:22  Zergling x6  
  147  13:31  Zergling x2  
  147  13:32  Zergling x4  
  146  13:37  Hive  
  146  13:38  Drone x6  
  152  13:43  Baneling x10  
  152  13:50  Drone x6  
  152  13:52  Zerg Ground Armor Level 1  
  158  13:58  Baneling x17  
  158  13:59  Roach x2  
  162  14:11  Zergling x14  
  162  14:12  Zergling x8  
  158  14:32  Zergling x30  
  157  14:44  Roach x6  
  169  14:54  Evolution Chamber, Adrenal Glands  
  169  14:59  Drone x5  
  173  15:01  Extractor  
  173  15:02  Ultralisk Cavern  
  171  15:07  Baneling x21  
  171  15:11  Zergling x10  
  176  15:20  Zerg Melee Weapons Level 3  
  175  15:29  Zergling x26  
  175  15:30  Zergling x4  
  187  15:40  Hatchery  
  184  15:44  Baneling x31  
  184  15:46  Zergling x2  
  184  15:47  Zergling x4  
  187  15:58  Chitinous Plating  
  187  16:00  Zergling x22  
  187  16:03  Baneling x6  
  187  16:04  Baneling  
  198  16:08  Zergling x6  
  197  16:23  Zerg Ground Armor Level 2  
  197  16:29  Zergling x6  
  189  16:59  Drone x3  
  189  17:15  Zergling x2  
  189  17:16  Zergling x20  
  189  17:19  Baneling x5  
  189  17:20  Baneling x7  
  188  17:45  Zergling x22  
  194  17:54  Baneling  
  194  17:55  Baneling x6  
  194  18:01  Hatchery  
  194  18:05  Ultralisk  
  199  18:06  Extractor  
  195  18:22  Ultralisk  
  191  18:56  Zergling x26  
  191  18:57  Zergling x2  
  191  19:01  Zergling x20  
  199  19:08  Drone x6  

Tags
 
Add a new tag
Caveats
  • Supply blocks, unpowered buildings, or Contaminate may cause inaccurate times.
  • Supply counts are checked every 10 seconds.